[Event "Rapid della Domenica"]
[Site "Chess.com"]
[Date "2020.05.31"]
[Round "1"]
[White "fausto2p"]
[Black "sergiodone"]
[Result "1-0"]
[WhiteElo "1201"]
[BlackElo "1411"]
[TimeControl "720+3"]
[EndTime "6:17:28 PDT"]
[Termination "fausto2p ha vinto per abbandono"]

1. d4 Nf6 2. c4 c5 3. d5 b5 4. cxb5 a6 5. Nc3 d6 6. e4 Nbd7 7. Nf3 axb5 8. Bxb5 Ba6 9. a4 Bxb5 10. Nxb5 g6 11. O-O Bg7 12. Rb1 O-O 13. b3 Nxe4 14. Re1 Ndf6 15. Bg5 Qa5 16. Bxf6 Nxf6 17. Rxe7 Rfe8 18.
Rxe8+ Rxe8 19. Nxd6 Rb8 20. Nc4 Qb4 21. Nfe5 Re8 22. d6 Ne4 23. d7 Rf8 24. Nc6 Qb7 25.
d8=Q Qxc6 26. Qxf8+ Bxf8 27. Qd3 Nc3 28. Qxc3 h5 29. Qf3 Bg7 30. Qxc6 1-0

[Event "Rapid della Domenica"]
[Site "Chess.com"]
[Date "2020.05.31"]
[Round "1"]
[White "Mrtre7"]
[Black "OMatteoWuO"]
[Result "1-0"]
[WhiteElo "1475"]
[BlackElo "1226"]
[TimeControl "720+3"]
[EndTime "6:18:45 PDT"]
[Termination "Mrtre7 ha vinto per scaccomatto"]

1. d4 Nf6 2. c4 g6 3. Nc3 Bg7 4. e4 d6 5. Nf3 O-O 6. Be2 e5 7. Be3 Nbd7 8. O-O a5 9. d5 Nc5 10. Bxc5 dxc5 11. Nd2 b6 12. Rb1 Nh5 13. Bxh5 gxh5 14. Qxh5 f5 15. Nf3 fxe4 16. Nxe4 Bf5 17. Rbe1 Bg6 18. Qg4 Bf5 19. Qg3 a4 20. Nxe5 Bxe4 21.
Rxe4 Qf6 22. Nd7 Qf5 23. Re7 Rf7 24. Rxf7 Kxf7 25. d6 Qxd7 26. Qf3+ Bf6 27. Qxa8 Qxd6 28. Qf3 h5 29. g3 Kg6 30. Rd1 Qe7 31. Rd5 Qe1+ 32.
Kg2 Qc1 33. Qxh5+ Kg7 34. Rd7+ Kf8 35. Qf7# 1-0

[Event "Rapid della Domenica"]
[Site "Chess.com"]
[Date "2020.05.31"]
[Round "1"]
[White "SanSecondoPR"]
[Black "mr6701"]
[Result "0-1"]
[WhiteElo "1332"]
[BlackElo "1830"]
[TimeControl "720+3"]
[EndTime "6:28:10 PDT"]
[Termination "mr6701 ha vinto per tempo"]

1. e4 d5 2. exd5 Nf6 3. Nf3 Nxd5 4. Bc4 e6 5. O-O Bd6 6. Nc3 c6 7. Bxd5 cxd5 8. d4 O-O 9. Ne5 Nc6 10. Nf3 a6 11. Bg5 Qc7 12. Re1 Ne7 13. Bh4 Ng6 14. Bg3 Bd7 15. Qd2 Rac8 16. Rac1 b5 17. Ne2 Rfe8 18. c3 Qb8 19. Qg5 h6 20. Qd2 Ne7 21. Ne5 Rcd8 22. Qf4 Rf8 23. Qh4 Nf5 24. Qh3 b4 25. Nf4 bxc3 26. bxc3 Qb2 27. Nfd3 Qa3 28. Re2 Bb5 29. Bf4 f6 30. g4 Bxd3 31. Nxd3 Bxf4 32.
Rce1 Nxd4 33. cxd4 Bg5 34. f4 Qc3 35. fxg5 Qxd4+ 36. Nf2 fxg5 37. Qe3 Qc5 38. Qxe6+ Kh8 39. Qe3 d4 40.
Qd3 a5 41. Re7 Qc3 42. Rxg7 Kxg7 43. Re7+ Rf7 44. Rxf7+ Kxf7 45. Qh7+ Ke8 46. Qg8+ Kd7 47. Qd5+ Kc8 48. Qe6+ Kb7 49. Qe7+ Qc7 50. Qe4+ Qc6 51. Qb1+ Ka7 52. Qh7+ Rd7 53. Qh8 d3 0-1

[Event "Rapid della Domenica"]
[Site "Chess.com"]
[Date "2020.05.31"]
[Round "2"]
[White "mr6701"]
[Black "fausto2p"]
[Result "1-0"]
[WhiteElo "1832"]
[BlackElo "1200"]
[TimeControl "720+3"]
[EndTime "6:42:31 PDT"]
[Termination "mr6701 ha vinto per scaccomatto"]

1. e4 e6 2. d4 d5 3. Nc3 Bb4 4. Bd2 Bxc3 5. Bxc3 dxe4 6. Qg4 Nf6 7. Qxg7 Rg8 8. Qh6 Rg6 9. Qe3 a6 10. Ne2 b5 11.
Nf4 Rg7 12. O-O-O Bb7 13. h3 Nd5 14. Qxe4 Ra7 15. Nxd5 Bxd5 16. Qe5 Kf8 17. Bb4+ Kg8 18. Bc5 Nc6 19. Qh5 Rb7 20. Bd3 a5 21. h4 a4 22.
Rh3 Bxg2 23. Rg3 Qf6 24. Qxh7# 1-0

[Event "Rapid della Domenica"]
[Site "Chess.com"]
[Date "2020.05.31"]
[Round "2"]
[White "malberici"]
[Black "SanSecondoPR"]
[Result "0-1"]
[WhiteElo "1334"]
[BlackElo "1340"]
[TimeControl "720+3"]
[EndTime "6:44:47 PDT"]
[Termination "SanSecondoPR ha vinto per abbandono"]

1. d4 d5 2. c4 e5 3. e3 Bb4+ 4.
Bd2 Bxd2+ 5. Nxd2 exd4 6. exd4 Nf6 7. cxd5 Nxd5 8. Bc4 O-O 9. Ne2 Re8 10. O-O Bg4 11. Qb3 c6 12. Ng3 b5 13. Bxd5 Qxd5 14. Rae1 Nd7 15.
Nf3 Bxf3 16. Rxe8+ Rxe8 17. Qxf3 Qxf3 18. gxf3 g6 19.
Ne4 Kg7 20. Kg2 f5 21. Nc5 Nxc5 22. dxc5 Re2 23. Rb1 Rc2 24. a3 Rxc5 25. b4 Rc4 26. Rb3 Kf6 27. Rd3 Ke7 28. Kg3 f4+ 29. Kg2 c5 30. bxc5 Rxc5 31. Rd4 Rc4 32. Rd3 a5 33. Rd5 Ra4 34. Rxb5 Rxa3 35. Rb7+ Kf6 36. Rxh7 g5 37. Rh6+ Kf5 38. Ra6 a4 39. Ra5+ Kg6 40. Kf1 Kh5 41.
Ke2 Kh4 42. h3 Ra2+ 43. Kf1 a3 44. Ke1 Ra1+ 45. Kd2 Kxh3 46. Rxg5 a2 47. Ra5 Kg2 48. Kc2 Kxf2 49. Ra3 Re1 50. Rxa2 Re2+ 51. Kb3 Rxa2 52.
Kxa2 Kxf3 0-1

[Event "Rapid della Domenica"]
[Site "Chess.com"]
[Date "2020.05.31"]
[Round "2"]
[White "sergiodone"]
[Black "Mrtre7"]
[Result "1-0"]
[WhiteElo "1420"]
[BlackElo "1466"]
[TimeControl "720+3"]
[EndTime "6:49:29 PDT"]
[Termination "sergiodone ha vinto per abbandono"]

1. e4 c5 2. Nf3 Nc6 3. d4 cxd4 4. Nxd4 g6 5. Nf3 Bg7 6. c3 Nf6 7. Bd3 O-O 8. O-O d5 9. e5 Ng4 10. Bf4 Ngxe5 11. Nxe5 Nxe5 12. Bc2 Qb6 13. Bb3 e6 14. Na3 Bd7 15. Nc2 Bb5 16. Be3 Qd6 17. Re1 Nd3 18. Nd4 Bxd4 19. Bxd4 Nxe1 20. Qxe1 f6 21. f3 e5 22. Bf2 Rfe8 23. Rd1 Kg7 24. Rxd5 Qc7 25. Rxb5 a6 26. Rc5 Qd6 27. Rd5 Qc6 28. h3 a5 29. Rc5 Qd6 30. Qe4 Qd2 31. Qxb7+ Kh6 32. Rc7 Rh8 33. Qb6 Qc1+ 34. Kh2 Rhf8 35. Be3+ Qxe3 36.
Qxe3+ 1-0

[Event "Rapid della Domenica"]
[Site "Chess.com"]
[Date "2020.05.31"]
[Round "3"]
[White "Mrtre7"]
[Black "mr6701"]
[Result "0-1"]
[WhiteElo "1464"]
[BlackElo "1838"]
[TimeControl "720+3"]
[EndTime "6:58:50 PDT"]
[Termination "mr6701 ha vinto per abbandono"]

1. d4 d5 2. c4 e6 3. Nc3 Nf6 4. cxd5 exd5 5. Bg5 Be7 6. e3 h6 7. Bh4 O-O 8. Bd3 c5 9. dxc5 Bxc5 10. Qc2 Nc6 11.
Bxf6 Qxf6 12. Nxd5 Qg5 13. Nf4 Nb4 14. Qc3 Nxd3+ 15.
Qxd3 Bb4+ 16. Ke2 Rd8 17. Nf3 Rxd3 18. Nxg5 Rd2+ 19. Kf3 hxg5 20. Ne2 g4+ 0-1

[Event "Rapid della Domenica"]
[Site "Chess.com"]
[Date "2020.05.31"]
[Round "3"]
[White "OMatteoWuO"]
[Black "sergiodone"]
[Result "1-0"]
[WhiteElo "1240"]
[BlackElo "1408"]
[TimeControl "720+3"]
[EndTime "7:03:30 PDT"]
[Termination "OMatteoWuO ha vinto per abbandono"]

1. d4 c5 2. d5 d6 3. Nc3 Nf6 4. Nf3 g6 5. e4 Nbd7 6. Bd3 Bg7 7. O-O O-O 8. Be3 a6 9. a4 b6 10. Qd2 Re8 11. Bh6 Bh8 12. Ne2 Qc7 13. c4 Ng4 14.
Ng3 Nde5 15. Nxe5 Nxe5 16. Be2 e6 17. b3 exd5 18. exd5 Nd7 19. Bg4 Nf6 20. Bxc8 Raxc8 21. Qg5 Re5 22. Qd2 Rce8 23. Rfe1 Qe7 24. Re3 Ng4 25.
Bg5 f6 26. Rxe5 Qxe5 27. Bf4 Qxa1+ 28. Nf1 Re1 29. Qd3 Rd1 30. Qe2 Re1 31. Qd3 Rxf1+ 32. Qxf1 Ne5 33. Qxa1 f5 34. Bxe5 Bxe5 35. Qe1 Kf7 36.
g3 Kf6 37. f4 Bd4+ 38. Kg2 Kg7 39. Qe7+ Kh6 40. Qxd6 b5 41. axb5 axb5 42. cxb5 1-0

[Event "Rapid della Domenica"]
[Site "Chess.com"]
[Date "2020.05.31"]
[Round "3"]
[White "SanSecondoPR"]
[Black "fausto2p"]
[Result "1-0"]
[WhiteElo "1345"]
[BlackElo "1194"]
[TimeControl "720+3"]
[EndTime "7:10:57 PDT"]
[Termination "SanSecondoPR ha vinto per scaccomatto"]

1. e4 e6 2. d4 d5 3. e5 c5 4. c3 Nc6 5. Nf3 cxd4 6. cxd4 Nge7 7. Bd3 Nf5 8. Bxf5 exf5 9. O-O Be7 10. a3 O-O 11. b4 a6 12. Nbd2 b5 13. Nb3 a5 14.
Bb2 axb4 15. axb4 Rxa1 16. Qxa1 Bxb4 17. Qc1 Bb7 18. Nc5 Bxc5 19. Qxc5 b4 20. Qb5 Qc7 21. Qxd5 Na5 22. Qb5 b3 23. Rc1 Bc6 24. Qb4 Rb8 25. Qd2 Qb6 26. Ne1 Bd5 27. Nd3 Nc4 28. Qc3 g6 29. Nc5 Be6 30. Nxe6 fxe6 31. Qxc4 Ra8 32. h3 Ra2 33. Qc3 Qb5 34. Qc8+ Kg7 35. Rc7+ Kh6 36. Qf8+ Kg5 37. Qf6+ Kf4 38. Qh4# 1-0